 Seeded DCSS version 0.29.1-15-g9cfb28693d (webtiles) character file.

Game seed: 5297477676520237703 (custom seed)

311 GigaChad the Covered (level 6, -1/38 HPs)
             Began as a Gargoyle Fighter on Mar 10, 2023.
             Slain by a phantom (5 damage)
             ... on level 5 of the Dungeon.
             The game lasted 00:06:12 (3911 turns).

GigaChad the Covered (Gargoyle Fighter)             Turns: 3911, Time: 00:06:12

Health: -1/38      AC: 20    Str: 27    XL:     6   Next: 42%
Magic:  6/6        EV:  7    Int: 14    God:
Gold:   951        SH:  5    Dex: 12    Spells: 5/5 levels left

rFire   . . .      SeeInvis .   a - +0 war axe
rCold   . . .      Faith    .   c - +0 buckler
rNeg    + . .      Spirit   .   i - +1 plate armour
rPois   ∞          Reflect  .   (no helmet)
rElec   +          Harm     .   s - +0 cloak
rCorr   .          Rampage  .   u - +1 pair of gloves "Fol Qoiclod" {Int+5 Dex+3}
Will    .....                   (no boots)
Stlth   ..........              (no amulet)
HPRegen 0.12/turn               n - +6 ring of strength
MPRegen 0.10/turn               (no ring)

@: no status effects
A: sickness immunity, AC +4, negative energy resistance 1, electricity
resistance, torment resistance 1, petrification resistance
a: no special abilities


You were on level 5 of the Dungeon.
You visited 1 branch of the dungeon, and saw 5 of its levels.

You collected 951 gold pieces.

Inventory:

Hand Weapons
 a - a +0 war axe (weapon)
 t - a +2 war axe of draining
Missiles
 v - 4 javelins (quivered)
 w - 4 poisoned darts
Armour
 b - a +0 scale mail
 c - a +0 buckler (worn)
 i - a +1 plate armour (worn)
 s - a +0 cloak (worn)
 u - the +1 pair of gloves "Fol Qoiclod" (worn) {Int+5 Dex+3}
   (You acquired it on level 4 of the Dungeon)

   Int:       It affects your intelligence (+5).
   Dex:       It affects your dexterity (+3).
Jewellery
 j - an amulet of magic regeneration
 n - a +6 ring of strength (left hand)
 o - a ring of flight
Scrolls
 e - a scroll of vulnerability
 f - 2 scrolls of identify
 g - a scroll of magic mapping {unknown}
 h - 3 scrolls of teleportation
 m - 2 scrolls of immolation
Potions
 d - a potion of might
 k - 3 potions of magic {unknown}
 l - 2 potions of resistance {unknown}
 p - a potion of attraction {unknown}
 q - a potion of flight {unknown}
 r - 2 potions of brilliance {unknown}


   Skills:
 * Level 4.1 Fighting
 + Level 3.8 Axes
 * Level 4.6 Armour
 + Level 1.1 Dodging
 * Level 1.7 Stealth
 * Level 4.0 Shields


You had 5 spell levels left.
You didn't know any spells.
Your spell library was empty.

Dungeon Overview and Level Annotations

Branches:
Dungeon (5/15)
 Temple: D:4-7

Altars:
Fedhas
The Shining One

Portals:
Abyss: D:3

Annotations:
D:3 2 transporters, pokedragonboy's ghost, amateur MeTm


Innate Abilities, Weirdness & Mutations

You are immune to sickness and miasma.
Your stone body is resilient. (AC +4)
You are immune to poison.
You resist negative energy. (rN+)
You are resistant to electric shocks. (rElec)
You are resistant to unholy torment.
You are immune to petrification.


Message History

The phantom hits you but does no damage.
Something hits you.
* * * LOW HITPOINT WARNING * * *
You bump into the rock wall.
The phantom hits you but does no damage.
Something hits you but does no damage.
You closely miss something. You miss the phantom.
The phantom hits you but does no damage.
Something hits you.
* * * LOW HITPOINT WARNING * * *
You bump into the rock wall.
The phantom hits you but does no damage.
Something hits you but does no damage.
You bump into the rock wall.
The phantom hits you but does no damage.
Something completely misses you.
You bump into the rock wall.
An orc wizard appears from thin air!
Reactivating autopickup.
The phantom hits you.
* * * LOW HITPOINT WARNING * * *
The orc wizard hits you but does no damage.
You closely miss the orc wizard. You miss the phantom. The phantom hits you.
* * * LOW HITPOINT WARNING * * *
The phantom blinks!
You blink.
Found 4 stones.
The phantom attacks as you move away!
The phantom hits you but does no damage.
You feel less confused.
The orc wizard casts a spell.
The orc wizard flickers and vanishes!
Deactivating autopickup; reactivate with Ctrl-A.
You slash the phantom!
The phantom is severely damaged.
The phantom hits you but does no damage. x2
The orc hits you but does no damage.
You completely miss the phantom.
The phantom is severely damaged.
You hit the orc.
You kill the orc!
The phantom hits you.
You die...

#...........
#...........
###...........
.............
###......(....
#.............
.#..)........
.#..W@.......
.................
####)#...........
#<.§.o...........
#.#)##.(.........
#.#.##...........
###.##...........
..##...........
###


You could see a phantom and an orc.

Vanquished Creatures
  2 scorpions (D:4)
  An orc priest (D:5)
  Ijyb (D:3)
  5 adders
  An ufetubus (D:4)
  A worm (D:4)
  11 orcs
  5 endoplasms
  5 giant cockroaches
  8 goblins
  8 hobgoblins
  3 jackals (D:4)
  2 quokkas
  4 ball pythons
  3 bats
  A frilled lizard (D:2)
  5 kobolds
  2 rats
68 creatures vanquished.

Notes
Turn   | Place    | Note
-------+----------+-------------------------------------------
     0 | D:1      | GigaChad the Gargoyle Fighter began the quest for the Orb.
     0 | D:1      | Reached XP level 1. HP: 14/14 MP: 1/1
   553 | D:1      | Reached XP level 2. HP: 18/19 MP: 2/2
  1295 | D:2      | Reached XP level 3. HP: 23/23 MP: 3/3
  1713 | D:3      | Reached XP level 4. HP: 24/29 MP: 4/4
  1972 | D:3      | Found a glowing golden altar of the Shining One.
  2064 | D:3      | Noticed Ijyb
  2103 | D:3      | Killed Ijyb
  2104 | D:3      | Reached skill level 1 in Dodging
  2556 | D:3      | Found a one-way gate to the infinite horrors of the Abyss.
  2556 | D:3      | Noticed pokedragonboy's ghost (amateur MeTm)
  2612 | D:3      | Noticed a kobold brigand
  2801 | D:3      | Found a transporter.
  2816 | D:3      | Found a transporter.
  3062 | D:4      | Reached XP level 5. HP: 32/33 MP: 5/5
  3501 | D:4      | Reached skill level 1 in Stealth
  3525 | D:4      | Found a blossoming altar of Fedhas.
  3600 | D:4      | Reached XP level 6. HP: 36/38 MP: 6/6
  3850 | D:4      | Identified 2 scrolls of acquirement
  3850 | D:4      | Acquired 749 gold pieces
  3852 | D:4      | Acquired the +1 pair of gloves "Fol Qoiclod" {Int+5 Dex+3}
  3887 | D:5      | Entered Level 5 of the Dungeon
  3911 | D:5      | Slain by a phantom

Illustrated notes

Levels and vault maps discovered:
D:1:      eino_arrival_cavern_d, layout_loops_corners
D:2:      layout_basic, kennysheep_generic_room_4
D:3:      layout_loops_corners, tso_metal_star, gammafunk_ghost_abyssal_escape,
          uniq_ijyb
D:4:      layout_basic, marbit_many_paths, item_on_display_a
D:5:      layout_basic, nicolae_dithmenos_through_a_glass_darkly,
          old_standard_altar, minmay_temple_entry_mini_moons, uniq_duvessa,
          uniq_sigmund

Skill      XL: |  1  2  3  4  5  6 |
---------------+-------------------+-----
Axes           | 2 3 |  3.8
Dodging        | 1 |  1.1
Fighting       | 4 |  4.1
Armour         | 4 |  4.6
Stealth        | 1 |  1.7
Shields        | 4 |  4.0

Action                   |  1- 3 |  4- 6 || total
-------------------------+-------+-------++-------
Melee: War axe           |    71 |   112 ||   183
  Use: Scroll            |     4 |     5 ||     9
Armor: Scale mail        |     3 |       ||     3
       Plate armour      |    49 |    91 ||   140
Dodge: Dodged            |    27 |    43 ||    70
Block: Buckler           |    20 |    16 ||    36
